 Dungeon Crawl Stone Soup version 0.20-a0-1124-g2e29d97 (webtiles) character file.

131368 Kidiri the Eclecticist (level 16, -14/83 HPs)
             Began as a Deep Elf Fire Elementalist on May 15, 2017.
             Was a High Priest of Vehumet.
             Killed from afar by Nikola (31 damage)
             ... with a chain lightning
             ... on level 1 of the Snake Pit.
             The game lasted 02:14:13 (33971 turns).

Kidiri the Eclecticist (DEFE)                      Turns: 33971, Time: 02:14:14

Health: -14/83     AC: 18    Str:  7    XL:     16   Next: 55%
Magic:  2/32       EV: 18    Int: 31    God:    Vehumet [*****.]
Gold:   1238       SH: 12    Dex: 17    Spells: 4/50 levels left

rFire    + . .     SeeInvis +   b - +6 trident of Tucvoinn {speed, SInv}
rCold    + + .     Gourm    .   W - +3 shield of Eternal Night {+Inv Dex+2}
rNeg     . . .     Faith    .   x - +3 leather armour of Poor Excuses {rPois Regen+}
rPois    +         Spirit   .   (helmet restricted)
rElec    .         Reflect  .   K - scarf {rC+ rF+}
rCorr    .         Harm     .   (no gloves)
MR       +....     Clarity  +   z - +2 pair of boots
Stlth    ++........             D - amulet of regeneration
Regen    1.1/turn               N - +3 ring of intelligence
MPRegen  0.3/turn               E - +6 ring of protection

@: very slightly contaminated
A: claws 1, horns 1, repulsion field 1, molten scales 1, clarity, cold
resistance 1, frail 1, low mp 2, strong 1, wild magic 2, sturdy frame 1
a: Renounce Religion, Evoke Invisibility


You were on level 1 of the Snake Pit.
You worshipped Vehumet.
Vehumet was extremely pleased with you.
You were not hungry.

You visited 6 branches of the dungeon, and saw 26 of its levels.
You also visited: Labyrinth.

You collected 2220 gold pieces.
You spent 982 gold pieces at shops.

Inventory:

Hand Weapons
 b - the +6 trident of Tucvoinn (weapon) {speed, SInv}
   (You found it on level 2 of the Lair of Beasts)

   Attacks with this weapon are significantly faster.
   It lets you see invisible.
Armour
 x - the +3 leather armour of Poor Excuses (worn) {rPois Regen+}
   (You found it on level 3 of the Lair of Beasts)

   It protects you from poison.
   It increases your rate of regeneration.
 z - a +2 pair of boots (worn)
 K - a scarf of resistance (worn)
 W - the +3 shield of Eternal Night (worn) {+Inv Dex+2}
   (You found it on level 13 of the Dungeon)

   It affects your dexterity (+2).
   It lets you turn invisible.
Jewellery
 D - an amulet of regeneration (around neck)
 E - a +6 ring of protection (right claw)
 N - a +3 ring of intelligence (left claw)
Wands
 g - a wand of iceblast (12/15)
 n - a wand of random effects (20/48)
 o - a wand of polymorph (17/24)
 F - a wand of confusion (12/48)
 G - a wand of flame (48/48)
 H - a wand of digging (10/24)
 L - a wand of clouds (2/9)
 M - a wand of disintegration (14/24)
 Q - a wand of acid (9/15)
 R - a wand of scattershot (4/9)
Scrolls
 a - 2 scrolls of fear
 d - 2 scrolls of fog
 e - 7 scrolls of remove curse
 l - 4 scrolls of teleportation
 p - 5 scrolls of recharging
 s - 3 scrolls of immolation
 T - a scroll of amnesia
 Y - a scroll of blinking
Potions
 f - 10 potions of might
 h - 7 potions of haste
 i - 5 potions of agility
 j - a potion of heal wounds
 k - 5 potions of invisibility
 q - a potion of ambrosia
 t - 6 potions of brilliance
 u - 8 potions of curing
 C - a potion of cancellation
 J - 3 potions of lignification
 V - 5 potions of flight
Books
 y - a Young Poisoner's Handbook

   Spells                             Type                      Level
   a - Sting                          Conjuration/Poison           1
   b - Poisonous Vapours              Poison/Air                   2
   c - Mephitic Cloud                 Conjuration/Poison/Air       3
   d - Olgreb's Toxic Radiance        Poison                       4
   e - Venom Bolt                     Conjuration/Poison           5
Comestibles
 c - 17 bread rations
 m - 15 royal jellies
 r - 2 chunks of flesh
 v - 7 meat rations
 w - 29 fruits


   Skills:
 + Level 8.1 Fighting
   Level 8.2 Short Blades
 - Level 0.6 Throwing
 - Level 7.7 Armour
 - Level 10.0 Dodging
 - Level 2.4 Stealth
 * Level 4.5 Shields
 * Level 17.7 Spellcasting
 + Level 11.1 Conjurations
 + Level 12.0 Fire Magic
 + Level 4.0 Ice Magic
 + Level 7.5 Air Magic
 + Level 7.3 Earth Magic
 + Level 8.9 Poison Magic
 + Level 2.9 Evocations


You had 4 spell levels left.
You knew the following spells:

 Your Spells              Type           Power        Failure   Level  Hunger
a - Flame Tongue          Conj/Fire      #####        1%          1    None
b - Throw Flame           Conj/Fire      ######       1%          2    None
c - Conjure Flame         Conj/Fire      ########     1%          3    None
d - Inner Flame           Hex/Fire       #######.     1%          3    None
e - Ignite Poison         Fire/Tmut/Pois #######.     1%          3    None
f - Sticky Flame          Conj/Fire      ########     1%          4    None
g - Fireball              Conj/Fire      ########..   1%          5    None
h - Bolt of Magma         Conj/Fire/Erth #######...   2%          5    None
i - Force Lance           Conj/Tloc      #######.     4%          4    None
j - Airstrike             Air            #######...   2%          4    None
k - Freezing Cloud        Conj/Ice/Air   #######...   17%         6    None
l - Bolt of Cold          Conj/Ice       #######...   17%         6    None


Dungeon Overview and Level Annotations

Branches:
Dungeon (15/15)            Temple (1/1) D:5            Lair (6/6) D:9
 Shoals (1/4) Lair:4        Snake (1/4) Lair:3        Slime (0/5) Lair:5
    Orc (2/2) D:9             Elf (0/3) Orc:2        Vaults (0/5) D:14
 Depths (0/5) D:15

Altars:
Ashenzari
Cheibriados
Dithmenos
Elyvilon
Fedhas
Gozag
Hepliaklqana
Kikubaaqudgha
Makhleb
Nemelex Xobeh
Okawaru
Qazlal
Ru
Sif Muna
Trog
Uskayaw
Vehumet
Wu Jian
Xom
Yredelemnul
Zin
The Shining One
Beogh

Shops:
Orc:2 **%(

Portals:
Trove: D:12 (give 4 potions of resistance)


Innate Abilities, Weirdness & Mutations

You have sharp fingernails.
You have a pair of small horns on your head.
You are surrounded by a mild repulsion field. (EV +2)
You are partially covered in molten scales. (AC +2)
You possess an exceptional clarity of mind.
Your flesh is cold resistant. (rC+)
You are frail. (-10% HP)
Your magical capacity is very low. (-20% MP)
Your muscles are strong. (Str +2)
Your spells are harder to cast, but more powerful.
Your movements are slightly less encumbered by armour. (ER -2)


Message History

You reach to attack!
You hit Nikola.
Nikola is almost dead.
You hit Nikola.
Nikola is almost dead.
Nikola barely misses you.
You hit Nikola. You headbutt Nikola.
Nikola is almost dead.
Nikola hits you with a rapier of electrocution.
You are electrocuted!
You hit Nikola but do no damage.
Nikola is almost dead.
Nikola mumbles some strange words.
You hear a mighty clap of thunder!
The lightning arc hits you!
* * * LOW HITPOINT WARNING * * *
The lightning arc hits Nikola.
Nikola dies!
Your Ice Magic skill increases to level 4!
The lightning arc hits you!
You die...

##.........
#.............
#...........?.
#.............
#.....%.......
#............. ###
#......../.... #...
##............
#...#######.)@....#..
#.....#..).)#####.# #
#.#...........@)####.#.#.
#
#...##########.).....S...
# #....#
#####.....###.ยง.# .#
###.##.##............. .
.# #...
#.....##....#####.# .#
#.####...>###.### #
.###.#....#..# #.


There were no monsters in sight!

Vanquished Creatures
  Rupert (D:15)
  The ghost of Lochraine the Grappler, a journeyman DrTm of Wu Jian (Lair:5)
  A stone giant (Orc:2)
  Nessos (D:12)
  6 dire elephants (Lair:6)
  An ettin (Orc:1)
  Josephine (Orc:2)
  A minotaur (Lab)
  Erolcha (Orc:2)
  Fannar (Lair:2)
  A catoblepas (Lair:4)
  13 hydras
  2 anacondas
  Erica (D:11)
  4 centaur warriors
  7 two-headed ogres
  A tengu warrior (D:14)
  4 orc high priests (Orc:2)
  9 death yaks
  Sonja (D:11)
  A skeletal warrior (D:14)
  2 unseen horrors
  A glowing orange brain (D:15)
  A naga ritualist (Snake:1)
  The ghost of anet the Magician, a novice DEWz of Ashenzari (D:7)
  6 orc knights
  6 oklob plants
  2 mana vipers (Snake:1)
  12 ugly things
  A salamander (Snake:1)
  5 orc sorcerers
  6 cyclopes
  A manticore (D:12)
  3 merfolk sirens
  A guardian serpent (Snake:1)
  24 elephants
  10 black mambas
  A torpor snail (Lair:6)
  An ice statue (Lair:4)
  3 gargoyles
  2 naga magi (Snake:1)
  A water nymph (shapeshifter) (D:14)
  16 spiny frogs
  3 rime drakes
  7 komodo dragons
  3 yaktaurs (D:15)
  A tengu conjurer (D:14)
  An ice devil (Lair:4)
  A queen bee (Lair:3)
  11 trolls
  6 polar bears
  5 blink frogs (Lair:5)
  14 hippogriffs
  3 slime creatures (D:15)
  21 dream sheep
  5 wraiths
  3 wyverns
  A vampire (D:15)
  A hog (shapeshifter) (D:15)
  35 yaks
  3 fire bats (Lair:3)
  3 basilisks
  5 hungry ghosts
  A steam dragon (Lair:6)
  11 vampire mosquitoes
  7 nagas
  A swamp worm (shapeshifter) (D:15)
  Edmund (D:4)
  5 swamp worms (Lair:5)
  5 wargs
  A soldier ant (D:13)
  4 acid dragons
  20 water moccasins
  18 porcupines
  2 swamp drakes (Lair:6)
  19 orc warriors
  3 sky beasts
  A hornet zombie (D:14)
  4 black bears
  5 phantoms
  12 ice beasts
  7 wolves
  A necrophage (D:10)
  11 ogres
  4 boggarts (D:14)
  16 crocodiles
  9 centaurs
  5 big kobolds
  18 bullfrogs
  2 wyvern zombies
  A gnoll sergeant (D:10)
  3 wyvern skeletons
  2 scorpions
  36 killer bees
  A troll zombie (D:9)
  2 howler monkeys
  5 wights (D:13)
  7 electric eels
  4 crimson imps
  5 centaur zombies
  2 bullfrog zombies
  2 quasits
  A jelly (D:10)
  20 orc priests
  3 bullfrog skeletons
  4 hounds
  23 orc wizards
  Jessica (D:2)
  10 centaur skeletons
  4 iguanas
  12 worker ants
  5 ogre zombies (D:9)
  A hound zombie (D:6)
  A mummy (D:7)
  A howler monkey zombie (D:7)
  2 worker ant zombies
  11 gnolls
  2 howler monkey skeletons
  10 adders
  3 shadow imps
  3 white imps (Lair:4)
  2 oozes
  An adder zombie (D:5)
  2 adder skeletons
  17 worms
  A dart slug (D:1)
  2 leopard geckos
  73 orcs
  4 giant cockroaches
  13 goblins
  8 hobgoblins
  10 jackals
  14 kobolds
  5 quokkas
  3 ball pythons
  A ball python zombie (D:5)
  12 bats
  6 frilled lizards
  4 hobgoblin zombies (D:9)
  2 jackal skeletons
  A leopard gecko zombie (D:7)
  An orc skeleton (D:9)
  14 orc zombies (D:9)
  A quokka zombie (D:5)
  6 rats
  12 plants
892 creatures vanquished.

Vanquished Creatures (others)
  Nikola (Snake:1)
  2 orc priests (Orc:2)
  An orc wizard (Orc:2)
  A gnoll (Orc:1)
  An orc (Orc:2)
  9 fungi
  19 plants
34 creatures vanquished.

Grand Total: 926 creatures vanquished

Notes
Turn   | Place    | Note
-------+----------+-------------------------------------------
     0 | D:1      | Kidiri the Deep Elf Fire Elementalist began the quest for the Orb.
     0 | D:1      | Reached XP level 1. HP: 10/10 MP: 6/6
   198 | D:1      | Reached XP level 2. HP: 10/15 MP: 0/8
   202 | D:1      | Learned a level 2 spell: Throw Flame
   689 | D:2      | Noticed Jessica
   692 | D:2      | Killed Jessica
   692 | D:2      | Reached skill level 4 in Spellcasting
   692 | D:2      | Reached XP level 3. HP: 19/19 MP: 7/10
   697 | D:2      | Learned a level 3 spell: Conjure Flame
   701 | D:2      | Learned a level 3 spell: Inner Flame
   932 | D:2      | Reached XP level 4. HP: 24/24 MP: 12/12
  1398 | D:3      | Reached skill level 5 in Spellcasting
  1421 | D:3      | Learned a level 4 spell: Sticky Flame
  1765 | D:3      | Reached XP level 5. HP: 22/28 MP: 4/15
  2380 | D:4      | Found a blossoming altar of Fedhas.
  2627 | D:4      | Reached skill level 6 in Spellcasting
  2658 | D:4      | Noticed Edmund
  2673 | D:4      | Killed Edmund
  2673 | D:4      | Reached XP level 6. HP: 32/32 MP: 4/17
  2680 | D:4      | Learned a level 5 spell: Fireball
  3195 | D:4      | Reached skill level 7 in Spellcasting
  3981 | D:5      | Entered Level 5 of the Dungeon
  4009 | D:5      | Reached skill level 5 in Fire Magic
  4078 | D:5      | Noticed an ice beast
  4091 | D:5      | Reached XP level 7. HP: 36/36 MP: 0/19
  4312 | D:5      | Reached skill level 1 in Short Blades
  4377 | D:5      | Found a glowing silver altar of Zin.
  4433 | D:5      | Reached skill level 1 in Armour
  4433 | D:5      | Reached skill level 8 in Spellcasting
  4767 | D:5      | Reached skill level 1 in Fighting
  4970 | D:5      | Reached XP level 8. HP: 26/43 MP: 14/22
  5091 | D:5      | Found an iron altar of Okawaru.
  5249 | D:5      | Found a staircase to the Ecumenical Temple.
  5258 | Temple   | Entered the Ecumenical Temple
  5526 | D:6      | Found a hazy altar of Hepliaklqana.
  5632 | D:6      | Identified a scroll of acquirement
  5670 | D:6      | Learned a level 4 spell: Force Lance
  5711 | D:6      | Found an opulent altar of Gozag.
  6048 | D:6      | Found a glowing golden altar of the Shining One.
  6275 | D:7      | Reached skill level 9 in Spellcasting
  6381 | D:7      | Reached skill level 5 in Conjurations
  6907 | D:7      | Noticed anet's ghost (novice DEWz)
  6950 | D:7      | Killed anet's ghost
  6950 | D:7      | Reached XP level 9. HP: 49/49 MP: 10/24
  7155 | D:7      | Reached skill level 10 in Spellcasting
  7178 | D:7      | Reached skill level 5 in Dodging
  7416 | D:7      | Found a radiant altar of Vehumet.
  7430 | D:7      | Became a worshipper of Vehumet
  7802 | D:7      | Found a snail-covered altar of Cheibriados.
  8042 | D:8      | Noticed a two-headed ogre
  8149 | D:9      | Reached * piety under Vehumet
  8149 | D:9      | Offered knowledge of Sting by Vehumet.
  8274 | D:9      | Found a staircase to the Orcish Mines.
  8522 | D:9      | Noticed a death yak
  8522 | D:9      | Noticed a death yak
  8545 | D:8      | Noticed a dagger
  8621 | D:8      | Found a stormy altar of Qazlal.
  8634 | D:8      | Reached ** piety under Vehumet
  8634 | D:8      | Offered knowledge of Throw Frost by Vehumet.
  8635 | D:8      | Killed a two-headed ogre
  8635 | D:8      | Reached skill level 11 in Spellcasting
  8635 | D:8      | Reached XP level 10. HP: 56/56 MP: 20/27
  8756 | D:8      | Noticed a dagger
  8762 | D:8      | Found a hide-covered altar of Uskayaw.
  9280 | D:9      | Noticed a death yak
  9297 | D:9      | Killed a death yak
  9303 | D:9      | Killed a death yak
  9303 | D:9      | Reached skill level 12 in Spellcasting
  9310 | D:9      | Killed a death yak
  9310 | D:9      | Reached skill level 5 in Short Blades
  9339 | D:9      | Offered knowledge of Ignite Poison by Vehumet.
  9479 | D:9      | Learned a level 3 spell: Ignite Poison
  9480 | D:9      | Found a staircase to the Lair.
  9608 | D:9      | Found a sparkling altar of Nemelex Xobeh.
  9876 | D:9      | Reached XP level 11. HP: 61/61 MP: 19/29
  9936 | D:9      | Found a shattered altar of Ashenzari.
 10067 | Lair:1   | Entered Level 1 of the Lair of Beasts
 10092 | Lair:1   | Reached skill level 1 in Poison Magic
 10296 | Lair:1   | Reached *** piety under Vehumet
 11166 | Lair:1   | Offered knowledge of Airstrike by Vehumet.
 11172 | Lair:1   | Learned a level 4 spell: Airstrike
 11421 | Lair:2   | Reached skill level 13 in Spellcasting
 11421 | Lair:2   | Reached skill level 1 in Air Magic
 11466 | Lair:2   | Reached skill level 5 in Armour
 11479 | Lair:2   | Got a warped trident
 11518 | Lair:2   | Identified the +6 trident of Tucvoinn {speed, SInv} (You found it on level 2 of the Lair of Beasts)
 11680 | Lair:2   | Noticed Fannar
 12003 | Lair:2   | Identified Edghasenu's Catalogue of Shifting Conjuration
 12153 | Lair:2   | Reached skill level 5 in Fighting
 12618 | Lair:2   | Reached XP level 12. HP: 59/68 MP: 21/31
 12682 | Lair:2   | Killed Fannar
 12934 | Lair:2   | Noticed a five-headed hydra
 12963 | Lair:3   | Got a twisted leather armour
 12981 | Lair:3   | Identified the +3 leather armour of Poor Excuses {rPois Regen+} (You found it on level 3 of the Lair of Beasts)
 12992 | Lair:3   | Reached **** piety under Vehumet
 13146 | Lair:3   | Noticed a four-headed hydra
 13162 | Lair:3   | Killed a four-headed hydra
 13209 | Lair:3   | Found a staircase to the Snake Pit.
 13218 | Lair:3   | Offered knowledge of Bolt of Magma by Vehumet.
 13219 | Lair:3   | Reached skill level 14 in Spellcasting
 13606 | Lair:3   | Learned a level 5 spell: Bolt of Magma
 13635 | Lair:3   | Reached ***** piety under Vehumet
 13637 | Lair:3   | Reached skill level 5 in Poison Magic
 13639 | Lair:3   | Offered knowledge of Spellforged Servitor by Vehumet.
 13718 | Lair:3   | Noticed a seven-headed hydra
 13723 | Lair:3   | Killed a seven-headed hydra
 14071 | Lair:4   | Noticed a catoblepas
 14078 | Lair:4   | Killed a catoblepas
 14465 | Lair:4   | Reached XP level 13. HP: 74/74 MP: 28/33
 14498 | Lair:4   | Reached skill level 1 in Earth Magic
 15022 | Lair:4   | Found a staircase to the Shoals.
 16205 | Lair:4   | Got a jewelled leather armour
 16216 | Lair:4   | Identified the +7 leather armour of the Fife {+Blink rN+ Slay+5} (You found it on level 4 of the Lair of Beasts)
 16777 | Lair:5   | Noticed Lochraine's ghost (journeyman DrTm)
 16851 | Lair:5   | Reached skill level 15 in Spellcasting
 16977 | Lair:5   | Killed Lochraine's ghost
 17626 | Lair:5   | Reached skill level 5 in Air Magic
 17870 | Lair:5   | Reached skill level 10 in Dodging
 18133 | Lair:5   | Found a staircase to the Slime Pits.
 18436 | Lair:5   | Reached XP level 14. HP: 80/80 MP: 26/35
 18495 | Lair:6   | Entered Level 6 of the Lair of Beasts
 19079 | Lair:6   | Reached skill level 10 in Fire Magic
 19863 | Lair:6   | Got a faintly glowing ring mail
 19874 | Lair:6   | Identified the +3 ring mail of Tahappoe {+Blink rElec} (You found it on level 6 of the Lair of Beasts)
 20139 | Lair:6   | Reached skill level 16 in Spellcasting
 21296 | Lair:6   | Reached skill level 5 in Earth Magic
 21297 | Lair:6   | Offered knowledge of Iskenderun's Battlesphere by Vehumet.
 21411 | Lair:6   | Got a crude iron ring
 21413 | Lair:6   | Identified the ring "Ricvototz" {rF+ rN++ Int-3 Dex+3} (You found it on level 6 of the Lair of Beasts)
 21671 | Lair:6   | Reached skill level 10 in Conjurations
 22502 | Orc:1    | Entered Level 1 of the Orcish Mines
 22934 | Orc:2    | Entered Level 2 of the Orcish Mines
 22953 | Orc:2    | Noticed Erolcha
 22957 | Orc:2    | Killed Erolcha
 23192 | Orc:2    | Found a staircase to the Elven Halls.
 23198 | Orc:2    | Reached XP level 15. HP: 86/86 MP: 24/37
 23207 | Orc:2    | Found a labyrinth entrance.
 23229 | Lab      | Entered a labyrinth
 23618 | Lab      | Got a slimy scale mail
 23641 | Orc:2    | Identified the +6 scale mail of the Sea {rF+} (You found it in a labyrinth)
 23694 | Orc:2    | Found a roughly hewn altar of Beogh.
 24100 | Orc:2    | Found a bloodstained altar of Trog.
 24140 | Orc:2    | Found Plog's General Store.
 24340 | Orc:2    | Found Zoiras's Food Shoppe.
 24714 | Orc:2    | Found Irubboi's General Store.
 24715 | Orc:2    | Found Atetooczi's Weapon Shoppe.
 24805 | Orc:1    | Noticed Josephine
 24812 | Orc:2    | Offered knowledge of Freezing Cloud by Vehumet.
 24832 | Orc:2    | Learned a level 6 spell: Freezing Cloud
 25022 | Orc:2    | Killed Josephine
 25359 | D:10     | Entered Level 10 of the Dungeon
 25529 | D:10     | Reached skill level 1 in Ice Magic
 25603 | D:10     | Gained mutation: Armour fits poorly on your strangely shaped body. [potion of mutation]
 25603 | D:10     | Gained mutation: You have sharp fingernails. [potion of mutation]
 25603 | D:10     | Lost mutation: Armour fits poorly on your strangely shaped body. [potion of mutation]
 25603 | D:10     | Gained mutation: You evolve. [potion of mutation]
 25653 | D:10     | Reached skill level 1 in Shields
 26438 | D:11     | Got a pair of jewelled boots
 26449 | D:11     | Identified the +0 pair of boots "Goyxij" {Str+4 Int-5} (You found it on level 11 of the Dungeon)
 26481 | D:11     | Noticed Erica
 26491 | D:11     | Killed Erica
 26560 | D:11     | Noticed Sonja
 26563 | D:11     | Killed Sonja
 26775 | D:11     | Lost mutation: You evolve. [mutagenic meat]
 27328 | D:12     | Found a portal to a secret trove of treasure.
 27360 | D:12     | Reached skill level 17 in Spellcasting
 27532 | Orc:2    | Bought a scarf of resistance for 416 gold pieces
 27532 | Orc:2    | Bought a potion of invisibility for 104 gold pieces
 27550 | Orc:2    | Bought a potion of curing for 42 gold pieces
 27550 | Orc:2    | Bought a scroll of remove curse for 42 gold pieces
 27550 | Orc:2    | Bought a wand of disintegration (14/24) for 252 gold pieces
 27550 | Orc:2    | Bought a potion of flight for 42 gold pieces
 27550 | Orc:2    | Bought a scroll of teleportation for 42 gold pieces
 27550 | Orc:2    | Bought a scroll of teleportation for 42 gold pieces
 27857 | D:12     | Gained mutation: You are partially covered in yellow scales. (AC +2) [mutagenic meat]
 27858 | D:12     | Gained mutation: You have a pair of small antennae on your head. [mutagenic meat]
 27859 | D:12     | Gained mutation: You are dopey. (Int -2) [mutagenic meat]
 27980 | D:12     | Noticed Nessos
 28173 | D:12     | Offered knowledge of Bolt of Cold by Vehumet.
 28366 | D:12     | Killed Nessos
 28967 | D:13     | Gained mutation: Your muscles are strong. (Str +2) [mutagenic meat]
 28968 | D:13     | Lost mutation: You are dopey. (Int -2) [mutagenic meat]
 28969 | D:13     | Gained mutation: Your body sometimes deteriorates upon taking damage. [mutagenic meat]
 28970 | D:13     | Gained mutation: You are surrounded by a mild repulsion field. (EV +2) [mutagenic meat]
 28972 | D:13     | Gained mutation: You are robust. (+10% HP) [mutagenic meat]
 29065 | D:13     | Learned a level 6 spell: Bolt of Cold
 29288 | D:13     | Lost mutation: Your body sometimes deteriorates upon taking damage. [potion of mutation]
 29288 | D:13     | Lost mutation: Your muscles are strong. (Str +2) [potion of mutation]
 29288 | D:13     | Lost mutation: You are robust. (+10% HP) [potion of mutation]
 29288 | D:13     | Lost mutation: You have a pair of small antennae on your head. [potion of mutation]
 29288 | D:13     | Lost mutation: You are partially covered in yellow scales. (AC +2) [potion of mutation]
 29288 | D:13     | Gained mutation: Your magical capacity is low. (-10% MP) [potion of mutation]
 29288 | D:13     | Gained mutation: Your flesh is heat resistant. (rF+) [potion of mutation]
 29288 | D:13     | Gained mutation: You are partially covered in molten scales. (AC +2) [potion of mutation]
 29378 | D:13     | Got a faintly humming shield
 29389 | D:13     | Identified the +3 shield of Eternal Night {+Inv Dex+2} (You found it on level 13 of the Dungeon)
 29917 | D:14     | Gained mutation: Your magical capacity is very low. (-20% MP) [mutagenic meat]
 29918 | D:14     | Gained mutation: Your flesh is cold resistant. (rC+) [mutagenic meat]
 29919 | D:14     | Lost mutation: Your flesh is heat resistant. (rF+) [mutagenic meat]
 29920 | D:14     | Gained mutation: You are frail. (-10% HP) [mutagenic meat]
 29921 | D:14     | Gained mutation: You possess an exceptional clarity of mind. [mutagenic meat]
 29922 | D:14     | Gained mutation: Your spells are a little harder to cast, but a little more powerful. [mutagenic meat]
 30154 | D:14     | Found a sparkling altar of Nemelex Xobeh.
 30332 | D:14     | Found a runed door.
 30563 | D:14     | Found a gate to the Vaults.
 31120 | D:14     | Gained mutation: Your movements are slightly less encumbered by armour. (ER -2) [mutagenic meat]
 31343 | D:15     | Entered Level 15 of the Dungeon
 31443 | D:15     | Reached XP level 16. HP: 75/82 MP: 31/31
 31466 | D:15     | Noticed Rupert
 31467 | D:15     | Paralysed by Rupert for 6 turns
 31476 | D:15     | Reached skill level 1 in Evocations
 31479 | D:15     | Killed Rupert
 31960 | D:15     | Gained mutation: You have a pair of small horns on your head. [mutagenic meat]
 31961 | D:15     | Gained mutation: You expend magic power (3 MP) to strengthen your wands. [mutagenic meat]
 31964 | D:15     | Gained mutation: Your muscles are strong. (Str +2) [mutagenic meat]
 32180 | D:15     | Offered knowledge of Conjure Ball Lightning by Vehumet.
 32623 | D:15     | Gained mutation: Your spells are harder to cast, but more powerful. [mutagenic meat]
 32708 | D:15     | Found a staircase to the Depths.
 32712 | D:15     | Lost mutation: You expend magic power (3 MP) to strengthen your wands. [mutagenic meat]
 33359 | Shoals:1 | Entered Level 1 of the Shoals
 33620 | Snake:1  | Entered Level 1 of the Snake Pit
 33910 | Snake:1  | Noticed Nikola
 33971 | Snake:1  | Killed Nikola
 33971 | Snake:1  | Killed from afar by Nikola

Vault maps used:
D:1:      elethiomel_arrival_maze
D:2:      uniq_jessica
D:4:      nicolae_overflow_crystal_walls, uniq_edmund
D:5:      kennysheep_okawaru_gauntlet, kennysheep_little_box,
          minmay_temple_entry_butterflies, first_bread
D:6:      old_standard_altar, nicolae_gozag_cash_rules_everything_around_me,
          kennysheep_mini
D:7:      cheibrodos_helix_gallery, slow_altar_2, vehumet_altar_wand_db
D:8:      grunt_qazlal_clouds, dancing_weapons_uskayaw
D:9:      lemuel_coloured_pillars_altar, kennysheep_mini_moat,
          dpeg_lair_monsters, zombieorc1_lemuel, enter_bailey_3,
          blue_anna_alchemist
D:11:     uniq_erica, uniq_sonja
D:12:     nicolae_trove_entry_crossroad, uniq_nessos
D:14:     hangedman_vaults_entry_quadrant_bands,
          nemelex_xobeh_ov_fountains_minmay, minmay_misc_feat_diagonals,
          lightli_airlock
D:15:     gammafunk_enter_depths_forms, roderic_roman_lattice, uniq_rupert
Temple:   eino_wide_crystal_templ
Lair:1:   beast_lair_carwin_11, lemuel_fruit_tree
Lair:2:   nicolae_quartered_pool_medium, fungi_pond_lemuel, lemuel_fruit_fields,
          uniq_fannar
Lair:3:   minmay_snake_entry_guardpost_small, nicolae_volcano_entry_batcave,
          special_room, serial_bayou, serial_bayou_ford_a, serial_bayou_shore_b,
          serial_bayou_lake_a, serial_bayou_shore_a, serial_bayou_lagoon_a,
          serial_bayou_pond_a, patterned_corridor
Lair:4:   elwin_shoals_entry_rooms, ice2_lemuel, minmay_lair_oklob_chamber
Lair:5:   minmay_slime_entry_oklob_enclosed, worms_lemuel, wad_woods_river_01
Lair:6:   due_jungle_book, guppyfry_lair_drakes
Snake:1:  uniq_nikola
Orc:1:    uniq_josephine
Orc:2:    st_orc_elflike, lab_entry_generic, basic_altar, nicolae_orc_rockfall,
          kennysheep_orc_chapel, uniq_erolcha
Lab:      labyrinth_spiral, labyrinth_skeletal_remains, nicolae_lab_blocks,
          nicolae_lab_starburst, nicolae_lab_very_dead_end

Skill      XL: |  1  2  3  4  5  6  7  8  9 10 11 12 13 14 15 16 |
---------------+-------------------------------------------------+-----
Spellcasting   | 4 5 6 7 8 9 11 12 13 14 15 16 17 | 17.7
Conjurations   | 2 3 4 5 6 7 8 9 10 11 | 11.1
Fire Magic     | 4 5 6 7 8 9 10 11 12 | 12.0
Short Blades   | 1 3 4 5 6 7 8 |  8.2
Armour         | 1 2 3 4 5 6 7 |  7.7
Dodging        | 3 4 5 6 8 9 10 | 10.0
Fighting       | 1 2 3 4 5 6 7 8 |  8.1
Poison Magic   | 3 5 6 7 8 |  8.9
Air Magic      | 2 3 5 6 7 |  7.5
Earth Magic    | 3 5 6 7 |  7.3
Ice Magic      | 2 4 |  4.0
Shields        | 2 4 |  4.5
Evocations     | 2 |  2.9
Throwing       | |  0.6
Stealth        | |  2.4

Action                   |  1- 3 |  4- 6 |  7- 9 | 10-12 | 13-15 | 16-18 || total
-------------------------+-------+-------+-------+-------+-------+-------++-------
Melee: Dagger            |    11 |    24 |    99 |    58 |       |       ||   192
       Trident           |       |       |       |    77 |   880 |   109 ||  1066
       Headbutt          |       |       |       |       |       |    10 ||    10
 Cast: Flame Tongue      |    42 |    90 |   203 |   189 |    94 |     9 ||   627
       Throw Flame       |       |    29 |    42 |    53 |    33 |       ||   157
       Inner Flame       |       |     3 |     8 |     7 |     8 |     5 ||    31
       Conjure Flame     |       |     3 |    14 |    16 |    16 |     6 ||    55
       Sticky Flame      |       |     6 |    15 |    55 |    93 |     5 ||   174
       Force Lance       |       |       |     4 |    20 |    10 |     5 ||    39
       Fireball          |       |       |     1 |    23 |    60 |    10 ||    94
       Ignite Poison     |       |       |       |     1 |       |       ||     1
       Bolt of Magma     |       |       |       |    13 |   290 |    58 ||   361
       Airstrike         |       |       |       |     2 |    91 |    16 ||   109
 Abil: Evoke Blink       |       |       |       |       |     4 |       ||     4
Evoke: Wand              |       |       |     2 |     1 |       |       ||     3
  Use: Scroll            |       |    11 |     6 |     8 |    23 |     4 ||    52
       Potion            |       |       |     1 |     1 |     5 |     2 ||     9
 Stab: Sleeping          |     2 |     2 |       |     1 |     3 |       ||     8
  Eat: Chunk             |    12 |    11 |     7 |    14 |    49 |    19 ||   112
       Meat ration       |       |       |       |     1 |       |       ||     1
       Fruit             |       |       |       |       |    22 |       ||    22
       Royal jelly       |       |       |       |       |     5 |       ||     5
Armor: Robe              |     7 |     8 |    10 |       |       |       ||    25
       Leather armour    |       |       |    22 |    77 |    65 |     5 ||   169
       Ring mail         |       |       |       |       |   275 |    36 ||   311
Dodge: Dodged            |    22 |    42 |   128 |   237 |   490 |    60 ||   979
Block: Shield            |       |       |       |       |    80 |    62 ||   142
       Buckler           |       |       |       |       |    66 |       ||    66
